 Dungeon Crawl Stone Soup version 0.27.0-1-g7a089689b8 (webtiles) character file.

Game seed: 15570238700280441570

2897 dtburroughs the Fighter (level 9, -1/82 HPs)
             Began as a Minotaur Berserker on Aug 5, 2021.
             Was an Elder of Trog.
             Succumbed to a water moccasin's poison
             ... on level 6 of the Dungeon.
             The game lasted 00:07:57 (7709 turns).

dtburroughs the Fighter (Minotaur Berserker)        Turns: 7709, Time: 00:07:58

Health: -1/82      AC: 10    Str: 21    XL:     9   Next: 49%
Magic:  8/8        EV: 10    Int:  7    God:    Trog [****..]
Gold:   226        SH:  0    Dex: 11    Spells: 8/8 levels left

rFire    . . .     SeeInvis .   t - +0 war axe
rCold    . . .     Faith    .   (no shield)
rNeg     . . .     Spirit   .   v - +0 chain mail
rPois    .         Reflect  .   (helmet restricted)
rElec    .         Harm     .   (no cloak)
rCorr    .         Rampage  .   (no gloves)
Will     .....                  (no boots)
Stlth    ..........             (no amulet)
HPRegen  0.23/turn              (no ring)
MPRegen  0.11/turn              (no ring)

@: lethally poisoned (-1 -> -7), on berserk cooldown, slowed, very slow
A: horns 2, retaliatory headbutt
a: Renounce Religion, Berserk, Trog's Hand, Brothers in Arms


You were on level 6 of the Dungeon.
You worshipped Trog.
Trog was greatly pleased with you.
You visited 1 branch of the dungeon, and saw 6 of its levels.

You collected 226 gold pieces.

Inventory:

Hand Weapons
 a - a +2 vorpal flail
 s - a +4 flail of holy wrath
 t - a +0 war axe (weapon)
Armour
 v - a +0 chain mail (worn)
Jewellery
 j - an amulet of magic regeneration
 o - a +6 ring of intelligence
Wands
 n - a wand of flame (2)
 u - a wand of acid (7)
Scrolls
 c - a scroll of fear {unknown}
 g - 5 scrolls of identify {unknown}
 h - 4 scrolls of teleportation {unknown}
 i - 2 scrolls of noise {unknown}
 k - a scroll of magic mapping {unknown}
 l - a scroll of enchant armour {unknown}
 p - 2 scrolls of enchant weapon {unknown}
Potions
 b - 2 potions of curing {unknown}
 d - 3 potions of berserk rage {unknown}
 e - 2 potions of flight {unknown}
 f - a potion of heal wounds
 m - a potion of might {unknown}
 q - a potion of cancellation {unknown}
 r - a potion of mutation {unknown}


   Skills:
 + Level 8.4 Fighting
 + Level 8.4 Axes
 + Level 8.0 Armour
 + Level 7.3 Dodging
 + Level 3.1 Evocations


You had 8 spell levels left.
You didn't know any spells.
Your spell library was empty.

Dungeon Overview and Level Annotations

Branches:
Dungeon (6/15)             Temple (0/1) D:5

Altars:
Fedhas
Makhleb


Innate Abilities, Weirdness & Mutations

You have a pair of horns on your head.
You reflexively headbutt those who attack you in melee.


Message History

A jelly comes into view.
Your Evocations skill increases to level 3!
The jelly quivers.
You slash the acid dragon! Your headbutt misses the acid dragon.
The acid dragon is moderately wounded.
You are no longer corroded.
The acid dragon bites you but does no damage.
The acid dragon claws you.
* * * LOW HITPOINT WARNING * * *
You slash the acid dragon!
The acid dragon is severely wounded.
The acid dragon bites you!
* * * LOW HITPOINT WARNING * * *
The acid dragon claws you.
* * * LOW HITPOINT WARNING * * *
You slash the acid dragon!
You kill the acid dragon!
Trog accepts your kill.
The acid dragon scales are intact enough to wear.
You are no longer berserk.
You are exhausted.
You feel yourself slow down.
Your Armour skill increases to level 8!
You slash the water moccasin!
The water moccasin is moderately wounded.
The water moccasin bites you but does no damage.
The water moccasin completely misses you.
You furiously retaliate!
You headbutt the water moccasin, but do no damage.
The water moccasin bites you but does no damage.
The water moccasin closely misses you. You furiously retaliate!
You headbutt the water moccasin. The water moccasin misses you.
The water moccasin bites you.
* * * LOW HITPOINT WARNING * * *
You are lethally poisoned!
The water moccasin poisons you!
* * * LOW HITPOINT WARNING * * *
You feel very sick.
The water moccasin bites you but does no damage.
You die...

###.# ####
###.#.#.......#
#.### ## ..#
#.#.#..##....
#...# ..# #.#
#..........##
#...##.:# ##.#
##...####..#
#.##..##.. o..#
#.........#
#.##..#
..##...#
##.######.##
#..ยง##..##..
#.# #. #.#..#
..'...
..##..##.# #.
#..<.# .##.##
#..##..@#
#)##.# #.#
#.?##.W.#
#))..# #
#..##..##S#
###### #.
#.[##O# ..
#..##...# #.
#.. #...# # ###
#####


You could see a wraith, a water moccasin and an ogre.

Vanquished Creatures
  A troll (D:6)
  Grinder (D:6)
  Eustachio (D:5)
  A yak (D:6)
  Menkaure (D:5)
  Edmund (D:5)
  An acid dragon (D:6)
  A water moccasin (D:6)
  An ice beast (D:6)
  A sky beast (D:5)
  A black bear (D:4)
  A necrophage (D:5)
  2 ogres
  A phantom (D:6)
  A bullfrog (D:6)
  3 scorpions (D:5)
  A howler monkey (D:4)
  2 centaur zombies
  A bullfrog zombie (D:5)
  5 hounds
  A jelly (D:5)
  2 gnoll shamans
  2 centaur skeletons
  5 iguanas
  5 orc wizards
  A scorpion zombie (D:5)
  Robin (D:2)
  3 gnolls (D:4)
  7 adders
  A white imp (D:6)
  An ufetubus (D:4)
  3 worms
  2 dart slugs
  12 orcs
  5 ball pythons
  8 endoplasms
  2 giant cockroaches
  21 goblins
  7 hobgoblins
  3 jackals (D:4)
  5 quokkas
  2 bats
  3 frilled lizards
  9 kobolds
  A rat (D:1)
140 creatures vanquished.

Notes
Turn   | Place    | Note
-------+----------+-------------------------------------------
     0 | D:1      | dtburroughs the Minotaur Berserker began the quest for the
                  | Orb.
     0 | D:1      | Reached XP level 1. HP: 19/19 MP: 0/0
    71 | D:1      | Found a faded altar of an unknown god.
   296 | D:1      | Reached XP level 2. HP: 27/27 MP: 1/1
   812 | D:2      | Reached XP level 3. HP: 30/33 MP: 2/2
   925 | D:2      | HP: 1/33 [poisoned by an adder]
  1569 | D:2      | Reached XP level 4. HP: 41/41 MP: 3/3
  1937 | D:2      | Noticed Robin
  1946 | D:2      | Reached ** piety under Trog
  1950 | D:2      | Killed Robin
  3495 | D:3      | Reached XP level 5. HP: 43/47 MP: 4/4
  4299 | D:4      | Noticed an ogre
  4304 | D:4      | Killed an ogre
  4305 | D:4      | Reached skill level 5 in Fighting
  4305 | D:4      | Reached skill level 5 in Axes
  4305 | D:4      | Reached XP level 6. HP: 56/56 MP: 5/5
  4431 | D:4      | Reached *** piety under Trog
  4832 | D:4      | Reached skill level 5 in Armour
  5051 | D:4      | Found a burning altar of Makhleb.
  5083 | D:4      | Reached XP level 7. HP: 54/62 MP: 6/6
  5403 | D:5      | Entered Level 5 of the Dungeon
  5406 | D:5      | Noticed Edmund
  5420 | D:5      | Killed Edmund
  5421 | D:5      | Reached skill level 5 in Dodging
  5480 | D:5      | Found a staircase to the Ecumenical Temple.
  5776 | D:5      | Noticed Menkaure
  5790 | D:5      | Killed Menkaure
  5791 | D:5      | Reached XP level 8. HP: 71/71 MP: 7/7
  6346 | D:5      | Noticed Eustachio
  6376 | D:5      | Killed Eustachio
  6707 | D:5      | Reached skill level 1 in Evocations
  7182 | D:5      | Found a blossoming altar of Fedhas.
  7360 | D:6      | Reached **** piety under Trog
  7440 | D:6      | Noticed Grinder
  7456 | D:6      | Killed Grinder
  7457 | D:6      | Reached XP level 9. HP: 62/80 MP: 8/8
  7676 | D:6      | Noticed a troll
  7684 | D:6      | HP: 2/81 [acid (11)]
  7700 | D:6      | Killed a troll
  7707 | D:6      | HP: 4/82 [water moccasin (3)]
  7708 | D:6      | HP: 1/82 [poisoned by a water moccasin]
  7709 | D:6      | Succumbed to a water moccasin's poison

Illustrated notes

Levels and vault maps discovered:
D:1:      evilmike_arrival_fibonacci_small, layout_rooms,
          basic_ecumenical_altar, minmay_misc_feat_columns, minmay_misc_feat_chi
D:2:      layout_basic, corexii_hall_statues_l, uniq_robin
D:3:      layout_basic, hangedman_decor_slide_cut
D:4:      layout_loops_ring, bloody_makhleb, minmay_increasing_density
D:5:      layout_basic, marbit_many_paths, minmay_temple_entry_glassed_door,
          uniq_eustachio, uniq_edmund, uniq_menkaure
D:6:      wad_guarded_room, layout_basic, mainiacjoe_overflow_big_doors,
          uniq_grinder, uniq_prince_ribbit1

Skill      XL: |  1  2  3  4  5  6  7  8  9 |
---------------+----------------------------+-----
Fighting       | 4 5 6 7 8 |  8.4
Axes           | 4 5 6 7 8 |  8.4
Armour         | 3 4 5 6 7 8 |  8.0
Dodging        | 3 4 5 6 7 |  7.3
Evocations     | 2 3 |  3.1

Action                   |  1- 3 |  4- 6 |  7- 9 || total
-------------------------+-------+-------+-------++-------
Melee: Hand axe          |    49 |   171 |    22 ||   242
       Headbutt          |     7 |    33 |    39 ||    79
       War axe           |       |       |   165 ||   165
Invok: Berserk           |       |     3 |     3 ||     6
       Trog's Hand       |       |       |     5 ||     5
  Use: Potion            |       |       |     2 ||     2
Armor: Ring mail         |    17 |    68 |    17 ||   102
       Chain mail        |       |       |    86 ||    86
Dodge: Dodged            |    33 |   109 |   118 ||   260
